 Dungeon Crawl Stone Soup version 0.22.1-2-g9c5b331383 (webtiles) character file.

1939 Revguard the Magician (level 8, 0/63 HPs)
             Began as a Red Draconian Ice Elementalist on Dec 4, 2018.
             Was a Follower of Sif Muna.
             Succumbed to a wight's poison
             ... on level 7 of the Dungeon.
             The game lasted 00:39:49 (9586 turns).

Revguard the Magician (DrIE)                        Turns: 9586, Time: 00:39:49

Health: 0/63       AC:  6    Str: 11    XL:     8   Next: 98%
Magic:  4/17       EV: 16    Int: 18    God:    Sif Muna [*.....]
Gold:   308        SH:  0    Dex: 11    Spells: 5/19 levels left

rFire    + . .     SeeInvis .   t - staff of energy
rCold    + + .     Gourm    .   (no shield)
rNeg     . . .     Faith    .   (armour unavailable)
rPois    .         Spirit   .   (helmet restricted)
rElec    .         Reflect  .   l - scarf {rC+ rF+}
rCorr    .         Harm     .   (no gloves)
MR       .....                  (no boots)
Stlth    ++........             (no amulet)
HPRegen  0.20/turn              n - ring of ice
MPRegen  0.15/turn              s - +3 ring of evasion

@: lethally poisoned (0 -> -16), drained
A: breathe fire, unfitting armour, fire resistance 1, cold-blooded, AC +6
a: Breathe Fire, Divine Energy, Renounce Religion


You were on level 7 of the Dungeon.
You worshipped Sif Muna.
Sif Muna was aware of your devotion.
You were near starving.

You visited 2 branches of the dungeon, and saw 8 of its levels.

You collected 308 gold pieces.

Inventory:

Hand Weapons
 h - a +0 spear
 r - a +0 halberd
 u - a +0 quarterstaff
Armour
 l - a scarf of resistance (worn)
Magical Staves
 t - an uncursed staff of energy (weapon)
Jewellery
 n - a ring of ice (left hand)
 o - an uncursed ring of protection from magic
 p - an uncursed ring of resist corrosion
 s - a +3 ring of evasion (right hand)
Wands
 e - a wand of digging (22)
 f - a wand of enslavement (7)
 i - a wand of iceblast (9)
Scrolls
 a - 3 scrolls of remove curse
 c - 2 scrolls of enchant armour
 d - a scroll of identify
 j - a scroll of magic mapping
 k - 3 scrolls of blinking {unknown}
 m - 3 scrolls of teleportation
 v - a scroll of random uselessness {unknown}
Potions
 g - a potion of flight
Comestibles
 b - 13 rations


   Skills:
 + Level 3.1(2.4) Fighting
 - Level 5.6(4.8) Polearms
 + Level 4.0(3.2) Dodging
 - Level 1.9(1.2) Stealth
 + Level 6.0(5.2) Spellcasting
 + Level 2.6(1.9) Conjurations
 + Level 1.1(0.4) Charms
 + Level 2.2(1.4) Summonings
 - Level 4.4(3.6) Ice Magic


You had 5 spell levels left.
You knew the following spells:

 Your Spells              Type           Power        Failure   Level  Hunger
a - Freeze                Ice            ####         3%          1    None
b - Throw Frost           Conj/Ice       ###...       6%          2    None
c - Ozocubu's Armour      Chrm/Ice       ###.....     17%         3    None
d - Summon Ice Beast      Ice/Summ       ###.....     41%         4    None
e - Throw Icicle          Conj/Ice       ###.....     38%         4    None

Your spell library contained the following spells:

 Spells                   Type           Power        Failure   Level  Hunger
 Ensorcelled Hibernation  Hex/Ice        ###...       10%         2    None
 Corona                   Hex            #......      13%         1    None
 Dazzling Spray           Conj/Hex       #.....       26%         3    None
 Confuse                  Hex            #.......     36%         3    None
 Tukima's Dance           Hex            #.......     36%         3    None


Dungeon Overview and Level Annotations

Branches:
Dungeon (7/15)             Temple (1/1) D:4

Altars:
Ashenzari
Cheibriados
Dithmenos
Elyvilon
Fedhas
Gozag
Hepliaklqana
Kikubaaqudgha
Makhleb
Nemelex Xobeh
Okawaru
Qazlal
Ru
Sif Muna
Trog
Uskayaw
Vehumet
Wu Jian
Xom
Yredelemnul
Zin
The Shining One


Innate Abilities, Weirdness & Mutations

You can breathe blasts of fire.
Your fiery red scales are hard. (AC +6)
You cannot fit into any form of body armour.
Your flesh is heat resistant. (rF+)
You are cold-blooded and may be slowed by cold attacks.


Message History

* * * LOW HITPOINT WARNING * * *
You feel very sick.
* * * LOW HITPOINT WARNING * * *
You feel sick.
* * * LOW HITPOINT WARNING * * *
You feel sick.
You are near starving!
* * * LOW HITPOINT WARNING * * *
You feel sick.
Your surroundings suddenly seem different.
You enter a teleport trap!
The teleport trap disappears.
Your surroundings suddenly seem different.
* * * LOW HITPOINT WARNING * * *
You feel sick.
* * * LOW HITPOINT WARNING * * *
You feel sick.
* * * LOW HITPOINT WARNING * * *
You feel sick.
There is a lethal amount of poison in your body!
You die...

...# ##...#
##.###
##.###...##
##..#
##..##...#
#.##
##.......#
###
#....###.#
..#..# #.#
#### .##..#
##. #...##
..#..# ..
#.## #.#...
.# ##@##
...... .#
##.# .....
### ......
# # .#


There were no monsters in sight!

Vanquished Creatures
  Menkaure (D:5)
  Duvessa (D:5)
  An orc warrior (D:6)
  4 ice beasts
  A sky beast (D:6)
  An ogre (D:4)
  A bullfrog (D:7)
  Dowan (D:5)
  2 scorpions (D:5)
  A wight (D:7)
  2 crimson imps
  2 hounds
  3 orc priests
  An iron imp (D:7)
  A bullfrog skeleton (D:5)
  Ijyb (D:3)
  3 worker ants
  A hound zombie (D:6)
  3 adders
  A gnoll (D:6)
  3 shadow imps
  An ooze (D:2)
  2 adder zombies (D:5)
  3 worms
  4 dart slugs
  7 leopard geckos
  7 orcs
  A ball python (D:3)
  3 bats
  5 giant cockroaches
  8 goblins
  4 hobgoblins
  10 jackals
  11 kobolds
  6 quokkas
  4 frilled lizards (D:1)
  5 rats
116 creatures vanquished.

Vanquished Creatures (collateral kills)
  An orc warrior (D:7)
  A sky beast (D:6)
  An ogre (D:7)
  2 bullfrogs
  3 scorpions
  A gnoll shaman (D:6)
  An iguana (D:5)
  2 orc wizards
  A worker ant (D:4)
  A hound skeleton (D:4)
  3 gnolls (D:6)
  An adder (D:6)
  A leopard gecko (D:5)
  9 orcs
  A jackal (D:7)
29 creatures vanquished.

Vanquished Creatures (others)
  A plant (D:3)
1 creature vanquished.

Grand Total: 146 creatures vanquished

Notes
Turn   | Place    | Note
-------+----------+-------------------------------------------
     0 | D:1      | Revguard the Draconian Ice Elementalist began the quest for
                  | the Orb.
     0 | D:1      | Reached XP level 1. HP: 14/14 MP: 3/3
   350 | D:1      | Reached XP level 2. HP: 17/20 MP: 0/5
   377 | D:1      | Learned a level 2 spell: Throw Frost
   965 | D:1      | Reached XP level 3. HP: 27/27 MP: 4/6
   970 | D:1      | Learned a level 3 spell: Ozocubu's Armour
  2094 | D:2      | Reached XP level 4. HP: 10/34 MP: 4/7
  2415 | D:2      | Reached skill level 1 in Polearms
  2995 | D:3      | Found a shattered altar of Ashenzari.
  2999 | D:3      | Found a burning altar of Makhleb.
  3001 | D:3      | Found a shimmering altar of Xom.
  3002 | D:3      | Found a bloodstained altar of Trog.
  3209 | D:3      | Noticed Ijyb
  3252 | D:3      | Killed Ijyb
  3855 | D:4      | Reached XP level 5. HP: 39/39 MP: 2/9
  3859 | D:4      | Noticed an ogre
  3890 | D:4      | Killed an ogre
  3890 | D:4      | Reached skill level 3 in Spellcasting
  3899 | D:4      | Learned a level 4 spell: Summon Ice Beast
  4037 | D:4      | Reached skill level 1 in Summonings
  4037 | D:4      | Reached XP level 6. HP: 45/46 MP: 6/11
  4207 | D:4      | Found a hide-covered altar of Uskayaw.
  4468 | D:4      | Noticed an ice beast
  4486 | D:4      | Killed an ice beast
  4509 | D:4      | Found a staircase to the Ecumenical Temple.
  4515 | Temple   | Entered the Ecumenical Temple
  4698 | Temple   | Became a worshipper of Sif Muna the Loreminder
  4924 | D:5      | Entered Level 5 of the Dungeon
  4924 | D:5      | Noticed Duvessa
  4924 | D:5      | Noticed Dowan
  5008 | D:5      | Reached skill level 5 in Ice Magic
  5017 | D:6      | Noticed an orc warrior
  5279 | D:5      | Noticed an ice beast
  5347 | D:5      | Noticed an ice beast
  5392 | D:5      | Killed an ice beast
  5392 | D:5      | Reached skill level 4 in Spellcasting
  5392 | D:5      | Your scales start taking on a fiery red colour.
  5392 | D:5      | Reached XP level 7. HP: 12/51 MP: 1/13
  5392 | D:5      | Gained mutation: Your flesh is heat resistant. (rF+) [Red
                  | Draconian growth]
  5707 | D:5      | Noticed Menkaure
  5721 | D:5      | Killed Menkaure
  5721 | D:5      | Reached skill level 1 in Fighting
  6005 | D:5      | Killed Duvessa
  6029 | D:5      | Killed Dowan
  6029 | D:5      | Reached XP level 8. HP: 39/59 MP: 0/15
  6105 | D:5      | Reached skill level 1 in Charms
  6410 | D:5      | Learned a level 4 spell: Throw Icicle
  6644 | D:6      | HP: 1/61 [orc warrior/halberd (16)]
  6665 | D:6      | HP: 3/61 [something/magic dart (8)]
  6670 | D:6      | Reached * piety under Sif Muna
  7470 | D:6      | Reached skill level 5 in Spellcasting
  7622 | D:6      | Reached skill level 5 in Polearms
  8965 | D:7      | Found a snail-covered altar of Cheibriados.
  9145 | D:7      | Reached skill level 6 in Spellcasting
  9584 | D:7      | HP: 3/63 [poisoned by a wight]
  9586 | D:7      | Succumbed to a wight's poison

Skill      XL: |  1  2  3  4  5  6  7  8 |
---------------+-------------------------+-----
Dodging        | 2 3 4 |  4.0
Ice Magic      | 4 4 |  4.4
Polearms       | 1 4 5 |  5.6
Spellcasting   | 3 4 6 |  6.0
Summonings     | 1 2 |  2.2
Fighting       | 1 3 |  3.1
Charms         | 1 |  1.1
Conjurations   | 2 |  2.6
Stealth        | |  1.9

Action                   |  1- 3 |  4- 6 |  7- 9 || total
-------------------------+-------+-------+-------++-------
Melee: Unarmed           |    61 |       |       ||    61
       Tailslap          |    10 |    29 |    14 ||    53
       Spear             |    33 |   173 |       ||   206
       Halberd           |       |    41 |   145 ||   186
       Staff             |       |       |    14 ||    14
       Quarterstaff      |       |       |     2 ||     2
 Cast: Freeze            |    23 |    33 |    22 ||    78
       Throw Frost       |    19 |    25 |    17 ||    61
       Ozocubu's Armour  |     3 |     6 |     3 ||    12
       Summon Ice Beast  |       |     6 |    20 ||    26
 Abil: Breathe Fire      |       |       |     4 ||     4
  Use: Potion            |     2 |     4 |     3 ||     9
       Scroll            |       |     8 |     4 ||    12
 Stab: Sleeping          |       |     2 |       ||     2
       Distracted        |       |       |     1 ||     1
  Eat: Chunk             |     5 |    10 |     4 ||    19
       Ration            |       |     2 |     4 ||     6
Armor: Skin              |    27 |    56 |    55 ||   138
Dodge: Dodged            |    71 |   128 |   161 ||   360
